Map: Inside and Out

Players

Cure

  • Race: Terran Terran
  • Spawn Location: 1:00

Bunny - Winner!

  • Race: Terran Terran
  • Spawn Location: 7:00

Event: DreamHack SC2 Masters 2022 Atlanta (Offline)

VOD

Have the link to the VOD?

Description

Time

  • Played on: Nov. 18, 2022, 5:44 p.m.
  • Length: 14:09

All games in this series

Show
View Real Time Build Order
Export as new Build Order

Cure Terran 

Build Orders:  

Get SALT Encoding   

  12  0:00  SCV  
  13  0:12  SCV  
  14  0:17  Supply Depot  
  14  0:24  SCV  
  15  0:39  SCV  
  15  0:40  Barracks  
  15  0:42  Refinery  
  16  0:51  SCV  
  16  0:52  Refinery  
  17  1:03  SCV  
  18  1:15  SCV  
  19  1:27  Reaper, Orbital Command  
  19  1:31  Supply Depot  
  20  1:40  Factory  
  20  1:53  SCV  
  21  1:59  Barracks Reactor  
  21  2:05  SCV  
  22  2:15  Command Center  
  22  2:18  SCV  
  23  2:24  Hellion  
  25  2:30  SCV  
  25  2:35  Reaper x2  
  28  2:37  Supply Depot  
  28  2:42  SCV  
  29  2:46  Hellion  
  31  2:58  Starport  
  31  2:59  SCV  
  32  3:07  Reaper x2  
  32  3:08  Hellion  
  32  3:12  SCV  
  37  3:19  Refinery  
  37  3:24  SCV  
  38  3:28  Orbital Command  
  38  3:30  Factory Tech Lab  
  38  3:35  Starport Tech Lab  
  38  3:36  SCV  
  38  3:39  Marine x2  
  41  3:49  Supply Depot  
  41  3:50  Cyclone  
  41  3:51  SCV  
  41  3:55  SCV  
  46  4:01  Raven  
  48  4:05  SCV  
  48  4:06  Marine  
  48  4:07  SCV  
  48  4:09  Marine  
  47  4:17  SCV  
  47  4:19  Supply Depot, SCV  
  49  4:24  Siege Tank  
  49  4:28  Marine x2  
  54  4:34  SCV x2  
  53  4:45  Marine  
  53  4:46  Marine  
  53  4:47  Raven  
  53  4:50  SCV x2  
  53  4:52  Supply Depot  
  58  4:58  Siege Tank  
  61  5:02  SCV x2  
  61  5:06  Command Center  
  63  5:09  Marine x2  
  65  5:18  SCV x2  
  65  5:29  Marine x2  
  65  5:30  SCV x2  
  65  5:32  Raven  
  65  5:33  Siege Tank  
  74  5:42  Barracks, SCV, Refinery  
  75  5:43  SCV, Barracks  
  75  5:44  Supply Depot  
  75  5:47  Supply Depot  
  75  5:48  Marine x2  
  78  6:05  Engineering Bay x2, SCV x2  
  80  6:17  SCV x2  
  78  6:22  Siege Tank, Marine  
  78  6:23  Raven, Marine  
  85  6:27  Orbital Command  
  85  6:29  SCV  
  85  6:31  Barracks Tech Lab  
  85  6:32  Barracks Tech Lab  
  86  6:36  Barracks  
  86  6:38  Barracks, Terran Infantry Weapons Level 1  
  86  6:39  Terran Infantry Armor Level 1  
  86  6:41  Marine x2  
  86  6:43  SCV  
  86  6:44  SCV  
  90  6:47  Orbital Command  
  90  6:51  Stimpack, Marine x2  
  92  6:57  SCV  
  92  6:58  SCV  
  94  7:01  Supply Depot  
  94  7:03  Marine x2  
  94  7:04  Combat Shield  
  96  7:10  SCV x2  
  96  7:14  SCV, Marine x2  
  96  7:15  Starport Reactor  
  101  7:21  Marine x2  
  101  7:24  Siege Tank  
  104  7:31  Marine x2  
  104  7:32  Marine x2  
  104  7:35  SCV x2  
  104  7:36  SCV  
  108  7:39  Marine x2  
  108  7:44  Supply Depot  
  109  7:45  Supply Depot  
  109  7:48  Marine  
  109  7:49  Marine  
  109  7:50  Marine x2  
  111  7:57  Marine x2  
  111  8:06  Marine x2  
  111  8:08  Siege Tank, Marine x2  
  115  8:14  Marine x2  
  113  8:24  Medivac x2, Marine  
  118  8:28  Marine  
  118  8:34  Marine x4  
  114  8:42  Marine  
  114  8:46  Marine  
  108  8:50  Siege Tank  
  108  8:51  Marine x4  
  108  8:54  Medivac x2  
  113  9:00  Marine  
  110  9:04  Marine  
  110  9:09  Marine x4  
  110  9:17  Marine  
  97  9:57  Marine x4  
  52  10:15  Marine x4  
  48  10:33  Marine x3  
  46  10:53  Marine x2  
  29  11:11  Marine  
  26  11:45  Command Center  
  25  13:00  Supply Depot  
  25  13:29  Supply Depot  
Show
View Real Time Build Order
Export as new Build Order

Bunny Terran - Winner!

Build Orders:  

Get SALT Encoding   

  12  0:00  SCV  
  13  0:12  SCV  
  14  0:17  Supply Depot  
  14  0:24  SCV  
  15  0:38  SCV  
  15  0:40  Barracks  
  16  0:44  Refinery  
  16  0:50  SCV  
  16  0:52  Refinery  
  17  1:02  SCV  
  18  1:14  SCV  
  19  1:27  Reaper, Orbital Command  
  20  1:33  Supply Depot  
  20  1:40  Factory  
  20  1:53  SCV  
  21  1:59  Reaper  
  22  2:05  SCV  
  23  2:15  Command Center  
  23  2:17  SCV  
  24  2:24  Hellion  
  24  2:29  SCV  
  27  2:32  Reaper  
  27  2:37  Supply Depot  
  28  2:41  SCV  
  29  2:45  Hellion  
  29  2:50  Starport  
  32  2:58  SCV  
  32  3:04  Barracks Reactor  
  32  3:06  Factory Tech Lab  
  32  3:10  SCV  
  33  3:24  SCV  
  33  3:25  Cyclone, Refinery  
  33  3:26  Starport Tech Lab  
  37  3:28  Orbital Command  
  37  3:36  SCV  
  37  3:41  Marine x2  
  40  3:48  SCV  
  40  3:50  Raven  
  40  3:53  SCV  
  44  3:59  Marine x2  
  44  4:00  SCV  
  47  4:06  Siege Tank  
  45  4:11  SCV  
  45  4:12  SCV  
  45  4:16  Supply Depot, Marine  
  45  4:17  Marine  
  49  4:24  SCV  
  49  4:25  SCV  
  51  4:32  Raven  
  53  4:44  SCV x2  
  51  4:47  Siege Tank  
  51  4:50  Refinery, Marine x2  
  56  4:56  SCV x2  
  56  4:59  Starport  
  58  5:01  Supply Depot  
  58  5:08  SCV x2  
  58  5:12  Supply Depot  
  60  5:23  SCV x2, Siege Tank  
  60  5:24  Viking  
  60  5:27  Viking  
  69  5:29  Marine  
  67  5:41  Viking  
  68  5:44  SCV  
  68  5:45  SCV  
  68  5:47  Marine  
  71  5:54  Viking  
  73  5:57  Viking  
  73  5:58  Supply Depot  
  73  6:01  Supply Depot  
  75  6:04  Siege Tank  
  78  6:19  Marine  
  78  6:20  SCV x2  
  78  6:22  Viking  
  78  6:24  Viking  
  85  6:28  Viking  
  85  6:32  SCV x2  
  89  6:37  Marine  
  89  6:38  Siege Tank  
  93  6:43  Supply Depot  
  93  6:51  SCV x2  
  93  6:53  Liberator  
  98  6:58  Viking  
  100  7:04  Supply Depot  
  100  7:07  Viking  
  102  7:19  Marine  
  103  7:28  Viking, Siege Tank  
  108  7:36  Viking  
  104  7:43  Viking  
  104  7:58  Viking  
  104  7:59  SCV x2  
  103  8:16  Marine  
  103  8:17  Siege Tank  
  99  8:27  Viking  
  100  8:34  Marine  
  64  8:57  Orbital Command  
  58  9:21  Marine  
  58  9:22  Orbital Command  
  57  9:43  Marine  
  57  9:44  Viking  
  60  9:48  SCV x2  
  35  10:23  SCV  
  36  11:37  Orbital Command  
  36  11:47  Orbital Command  
Tags
 
Add a new tag
Caveats
  • Supply blocks, unpowered buildings, or Contaminate may cause inaccurate times.
  • Supply counts are checked every 10 seconds.